 Dungeon Crawl Stone Soup version bcrawl-1.17.3 (webtiles) character file.

Game seed: 3486223071470088031

112 Chiseanne the Poker (level 4, -1/33 HPs)
             Began as a Mummy Archaeologist on Oct 25, 2019.
             Slain by a bullfrog zombie (7 damage)
             ... on level 3 of the Dungeon.
             The game lasted 00:03:36 (2734 turns).

Chiseanne the Poker (Mummy Archaeologist)           Turns: 2734, Time: 00:03:36

Health: -1/33      AC:  9    Str: 14    XL:     4   Next: 64%
Magic:  4/4        EV: 14    Int: 14    God:
Gold:   172        SH:  0    Dex: 10    Spells: 3/3 levels left

rFire    x . .     SeeInvis .   g - +0 short sword
rCold    + . .     Gourm    .   (no shield)
rNeg     + + +     Faith    .   c - +0 ring mail
rPois    ∞         Spirit   .   o - +2 hat
rElec    .         Reflect  .   (no cloak)
rCorr    .         Harm     .   (no gloves)
MR       .....     Clarity  +   d - +1 pair of boots
Stlth    +++.......             (no amulet)
HPRegen  0.11/turn              i - +3 ring of evasion
MPRegen  0.09/turn              m - ring of stealth

@: studying Polearms
A: no food or potions, fire vulnerability, clarity, cold resistance 1, negative
energy resistance 3, torment resistance, unbreathing
a: no special abilities


You were on level 3 of the Dungeon.
You were not hungry.

You visited 1 branch of the dungeon, and saw 3 of its levels.

You collected 172 gold pieces.

Inventory:

Hand Weapons
 g - a +0 short sword (weapon)
 n - a +2 hand axe of draining
Missiles
 h - 152 sling bullets
 k - 177 stones (quivered)
 l - 97 arrows
Armour
 c - a +0 ring mail (worn)
 d - a +1 pair of boots (worn)
 o - a +2 hat (worn)
Jewellery
 i - a +3 ring of evasion (left hand)
 m - a ring of stealth (right hand)
Scrolls
 a - 2 scrolls of teleportation
 b - a scroll of remove curse
 j - a scroll of fog
 p - a scroll of identify {unknown}
 q - a scroll of enchant weapon {unknown}
Books
 e - a manual of Polearms
Miscellaneous
 f - an ancient crate


   Skills:
 - Level 2.2 Fighting
   Level 0.7 Maces & Flails
 + Level 3.8 Polearms
 - Level 3.0 Dodging
 - Level 2.6 Stealth


You had 3 spell levels left.
You didn't know any spells.
Your spell library contained the following spells:

 Spells                   Type           Power        Failure   Level  Hunger
 Apportation              Tloc           #.....       52%         1    N/A
 Infusion                 Chrm           #.......     52%         1    N/A
 Sandblast                Erth           #.....       52%         1    N/A
 Slow                     Hex            #.......     52%         1    N/A
 Summon Butterflies       Summ           #.......     52%         1    N/A

Dungeon Overview and Level Annotations

Branches:
Dungeon (3/12)

Altars:


Innate Abilities, Weirdness & Mutations

You do not eat or drink.
Your flesh is vulnerable to fire.
You are immune to poison.
You possess an exceptional clarity of mind.
Your flesh is cold resistant. (rC+)
You are immune to negative energy. (rN+++)
You are immune to unholy pain and torment.
You can survive without breathing.


Message History

The bullfrog zombie hits you. The bullfrog zombie closely misses you.
You hit the bullfrog zombie.
The bullfrog zombie is heavily damaged.
The bullfrog zombie hits you!
* * * LOW HITPOINT WARNING * * *
You hit the bullfrog zombie but do no damage.
The bullfrog zombie is heavily damaged.
The bullfrog zombie hits you.
* * * LOW HITPOINT WARNING * * *
You barely miss the bullfrog zombie.
The bullfrog zombie is heavily damaged.
The bullfrog zombie closely misses you. The bullfrog zombie barely misses you.
You closely miss the bullfrog zombie.
The bullfrog zombie is heavily damaged.
The bullfrog zombie hits you.
* * * LOW HITPOINT WARNING * * *
You hit the bullfrog zombie.
The bullfrog zombie is heavily damaged.
The bullfrog zombie hits you!
You die...

#......#.##..#
##.######.....#
........#..##.##
##.....<#......#
##.#....#.###..#
......).#......#
##.....#####...#
.......#
#...####
######.#
#<.KZ@.# #..#
##..##.# ##.#
.....# .#
...###..# .. #..
#..# ##. [.#
#..) .# #.## .
.. #.


You could see a bullfrog zombie and a kobold.

Vanquished Creatures
  An adder (D:2)
  3 oozes
  5 worms
  2 dart slugs
  A leopard gecko (D:1)
  A ball python (D:1)
  6 bats
  2 giant cockroaches
  4 goblins
  6 hobgoblins
  8 jackals (D:1)
  A quokka (D:2)
  4 frilled lizards (D:1)
  10 kobolds
  21 rats
75 creatures vanquished.

Notes
Turn   | Place    | Note
-------+----------+-------------------------------------------
     0 | D:1      | Chiseanne the Mummy Archaeologist began the quest for the
                  | Orb.
     0 | D:1      | Reached XP level 1. HP: 15/15 MP: 1/1
    62 | D:1      | Reached XP level 2. HP: 21/21 MP: 2/2
   449 | D:1      | Reached XP level 3. HP: 20/27 MP: 3/3
   579 | D:1      | Reached skill level 1 in Polearms
  1349 | D:2      | Reached XP level 4. HP: 26/33 MP: 4/4
  2734 | D:3      | Slain by a bullfrog zombie

Skill      XL: |  1  2  3  4 |
---------------+-------------+-----
Fighting       | 2 |  2.2
Dodging        | 3 |  3.0
Polearms       | 2 3 |  3.8
Maces & Flails | |  0.7
Stealth        | |  2.6

Action                   |  1- 3 |  4- 6 || total
-------------------------+-------+-------++-------
Melee: Whip              |    68 |       ||    68
       Short sword       |   146 |   149 ||   295
  Use: Scroll            |     3 |     1 ||     4
 Stab: Sleeping          |     1 |     6 ||     7
Armor: Robe              |    95 |    39 ||   134
       Ring mail         |       |     2 ||     2
Dodge: Dodged            |   149 |    89 ||   238
